 Dungeon Crawl Stone Soup version 0.30.1-4-g462c640d31 (webtiles) character file.

Game seed: 2609527461100511966

69629 Babbit the Severer (level 14, -4/132 HPs)
             Began as a Minotaur Fighter on Aug 22, 2023.
             Was a High Priest of Okawaru.
             Slain by a two-headed ogre
             ... wielding a +0 giant spiked club
              (5 damage)
             ... on level 1 of the Orcish Mines on Aug 23, 2023.
             The game lasted 01:54:00 (20584 turns).

Babbit the Severer (Minotaur Fighter)              Turns: 20584, Time: 01:54:01

Health: -4/132     AC: 34    Str: 32    XL:     14   Next: 91%
Magic:  12/14      EV: 10    Int: 11    God:    Okawaru [*****.]
Gold:   2041       SH:  9    Dex: 10    Spells: 13/13 levels left

rFire   + . .        Q - +4 war axe (flame)
rCold   + . .        c - +1 buckler
rNeg    . . .        E - +3 crystal plate armour
rPois   +            (helmet restricted)
rElec   .            a - scarf {rC+ rF+}
rCorr   .            (no gloves)
SInv    .            M - +2 pair of boots
Will    +....        q - amulet of the acrobat Stlth
                     F - ring "Vyenwif" {rPois Str+6 Int+6 Stlth-}
HPRegen 0.42/turn    C - +4 ring of slaying
MPRegen 0.14/turn

%: acrobat
@: heroic, unable to read
A: horns 2, retaliatory headbutt, low MP 1, inability to read after injury 1
a: Renounce Religion, Heroism, Finesse, Duel


You were on level 1 of the Orcish Mines.
You worshipped Okawaru.
Okawaru was extremely pleased with you.
You visited 4 branches of the dungeon, and saw 20 of its levels.
You also visited: Bailey.

You collected 2041 gold pieces.

Inventory:

Hand Weapons
 Q - a +4 war axe of flaming (weapon)
Missiles
 g - a silver javelin
 h - 4 javelins (quivered)
Armour
 a - a scarf of resistance (worn)
 c - a +1 buckler (worn)
 u - a +2 cloak of poison resistance
 E - a +3 crystal plate armour (worn)
 M - a +2 pair of boots (worn)
Jewellery
 i - a ring of protection from fire
 n - a ring of flight
 q - an amulet of the acrobat (around neck)
 s - a +4 ring of protection
 C - a +4 ring of slaying (right hand)
 F - the ring "Vyenwif" (left hand) {rPois Str+6 Int+6 Stlth-}
   (You found it on level 5 of the Lair of Beasts)

   [ring of intelligence]

   Str:       It affects your strength (+6).
   Int:       It affects your intelligence (+6).
   rPois:     It protects you from poison.
   Stlth:     It makes you less stealthy.
 K - an amulet of magic regeneration
Wands
 y - a wand of iceblast (16)
 z - a wand of digging (5)
 P - a wand of mindburst (3)
Scrolls
 b - a scroll of identify
 f - 3 scrolls of fog
 j - 3 scrolls of teleportation
 l - 2 scrolls of blinking
 m - 2 scrolls of magic mapping
 p - 2 scrolls of butterflies
 v - 3 scrolls of amnesia
 G - 2 scrolls of poison
 O - 2 scrolls of fear
Potions
 d - 2 potions of might
 e - 7 potions of curing
 k - a potion of berserk rage
 o - a potion of heal wounds
 t - 6 potions of brilliance
 w - 6 potions of haste
 A - 2 potions of lignification
 H - 2 potions of invisibility
 I - a potion of ambrosia
 L - 2 potions of flight
Miscellaneous
 r - a tin of tremorstones (2/2)


   Skills:
 + Level 14.1(19.1) Fighting
 + Level 17.9(22.9) Axes
 + Level 7.1(12.1) Throwing
 + Level 15.9(20.9) Armour
 + Level 4.8(9.8) Dodging
 + Level 2.6(7.6) Stealth
 + Level 11.3(16.3) Shields
 + Level 5.0 Invocations
 + Level 2.1 Evocations


You had 13 spell levels left.
You didn't know any spells.
Your spell library contained the following spells:

 Spells                   Type           Power      Damage    Failure   Level
 Sting                    Tmut/Pois      0%         1d3       97%         1
 Cigotuvi's Dreadful Rot  Necr/Pois/Air  0%         N/A       99%         2
 Poisonous Vapours        Pois/Air       0%         N/A       99%         2
 Static Discharge         Conj/Air       0%         2-2/arc   99%         2
 Sublimation of Blood     Necr           0%         N/A       99%         2
 Dazzling Flash           Conj/Hex       0%         N/A       100%        3
 Gell's Gravitas          Tloc           0%         N/A       100%        3
 Ignite Poison            Fire/Tmut/Pois 0%         N/A       100%        3
 Teleport Other           Tloc           0%         N/A       100%        3
 Vhi's Electric Charge    Tloc/Air       0%         N/A       100%        3
 Airstrike                Air            0%         2d(0-16)  100%        4
 Dispel Undead            Necr           0%         3d6       100%        4
 Olgreb's Toxic Radiance  Pois           0%         N/A       100%        4
 Petrify                  Tmut/Erth      0%         N/A       100%        4
 Agony                    Necr           0%         N/A       100%        5
 Arcjolt                  Conj/Air       0%         1d10      100%        5
 Blade Hands              Tmut           0%         N/A       100%        5
 Freezing Cloud           Conj/Ice/Air   0%         6-21      100%        5
 Irradiate                Conj/Tmut      0%         3d11      100%        5
 Iskenderun's Battlesphe  Conj           0%         2d6       100%        5
 Metabolic Englaciation   Hex/Ice        0%         N/A       100%        5
 Silence                  Hex/Air        0%         N/A       100%        5
 Dispersal                Tloc           0%         N/A       100%        6
 Eringya's Noxious Bog    Tmut/Pois      0%         N/A       100%        6
 Iron Shot                Conj/Erth      0%         9d1       100%        6
 Statue Form              Tmut/Erth      0%         N/A       100%        6
 Maxwell's Capacitive Co  Air            0%         ∞         100%        8
 Animate Armour           Summ/Erth      Unusable   N/A       N/A         4
 Summon Lightning Spire   Summ/Air       Unusable   N/A       N/A         4
 Summon Forest            Summ/Tloc      Unusable   N/A       N/A         5
 Death Channel            Necr           Unusable   N/A       N/A         6
 Summon Cactus Giant      Summ           Unusable   N/A       N/A         6
 Haunt                    Necr/Summ      Unusable   N/A       N/A         7
 Spellforged Servitor     Conj/Summ      Unusable   N/A       N/A         7
 Summon Hydra             Summ           Unusable   N/A       N/A         7

Dungeon Overview and Level Annotations

Branches:
Dungeon (12/15)            Temple (1/1) D:4            Lair (5/5) D:8
  Swamp (0/4) Lair:3       Spider (0/4) Lair:3        Slime (0/5) Lair:4
    Orc (2/2) D:11         Bailey (visited)
    Elf: Orc:2

Altars:
Ashenzari
Cheibriados
Dithmenos
Elyvilon
Gozag
Hepliaklqana
Makhleb
Nemelex Xobeh
Okawaru
Qazlal
Ru
Sif Muna
Trog
Uskayaw
Vehumet
Wu Jian
Xom
Yredelemnul
The Shining One

Shops:
D:3 =(   Orc:1 !


Innate Abilities, Weirdness & Mutations

You have a pair of horns on your head.
You reflexively headbutt those who attack you in melee.
Your magical capacity is low. (-10% MP)
You occasionally lose the ability to read scrolls when taking damage.


Message History

You kill the ogre!
Okawaru accepts your kill.
You hit the troll. You burn the troll. You hit the two-headed ogre.
You burn the two-headed ogre. You slash the two-headed ogre!
You burn the two-headed ogre.
The two-headed ogre hits you with a +0 giant spiked club!!
You feel threatened and lose the ability to read scrolls!
* * * LOW HITPOINT WARNING * * *
The two-headed ogre hits you but does no damage.
You feel much better. The troll bites you but does no damage.
You block the troll's attack. x2; The troll closely misses you.
The troll claws you but does no damage. You block the troll's attack.
The deep troll bites you but does no damage.
The deep troll claws you but does no damage. x2
The two-headed ogre hits you with a +0 giant spiked club.
The two-headed ogre hits you with a +0 dire flail!
* * * LOW HITPOINT WARNING * * *
You block the two-headed ogre's attack.
The two-headed ogre hits you with a +0 giant club!
* * * LOW HITPOINT WARNING * * *
You closely miss the deep troll. You headbutt the deep troll.
The deep troll is almost dead.
You slash the troll! You burn the troll. You slice the two-headed ogre!!
You burn the two-headed ogre! You barely miss the troll.
You slice the two-headed ogre!! You burn the two-headed ogre.
You kill the two-headed ogre!
Okawaru accepts your kill.
You slash the two-headed ogre! You burn the two-headed ogre.
You block the troll's attack.
The troll claws you but does no damage. x2
The troll bites you!
* * * LOW HITPOINT WARNING * * *
The troll misses you. The troll claws you but does no damage.
The deep troll barely misses you. You furiously retaliate!
You headbutt the deep troll.
The deep troll claws you but does no damage.
The deep troll claws you!
* * * LOW HITPOINT WARNING * * *
The two-headed ogre hits you but does no damage.
The two-headed ogre hits you with a +0 heavy dire flail.
You die...

....###..........).[............#
.#..#.))....#.....[........#....#
.....))....................###.##
#.).........##.#......#....#.####
#....##.....#.#...............#.#
#..#####...............#.........
#...##.##.......................#
...##...##.....TTO.......#....#.#
#.####..#......O@T......#........
#...##.........)))..............#
#........................#)#....#
#...##...[..............()##...##
...............................#.
.##.#............................
.#...#..#..................<.....
.#...#........>..#.......#......#
................##........###..##


You could see 2 two-headed ogres, a deep troll and 2 trolls.

Vanquished Creatures
  Jorgrun (D:12)
  Frances (D:12)
  The ghost of spardeous the Severer, a journeyman MiBe of Trog (Lair:2)
  Josephine (Orc:1)
  8 hydras
  Erolcha (D:11)
  A catoblepas (Lair:4)
  2 vault guards (Bailey)
  10 two-headed ogres
  An ogre mage (Orc:1)
  4 death yaks
  Urug (D:10)
  The ghost of spardeous the Destroyer, a novice DgCj (D:8)
  A sun demon (D:11)
  Sonja (Orc:1)
  A pharaoh ant (Lair:3)
  A skyshark (Lair:5)
  4 skeletal warriors (D:12)
  2 goliath frogs (Lair:5)
  A deep troll (Orc:1)
  Pikel (D:7)
  2 orc knights (Orc:1)
  An orc sorcerer (Orc:1)
  2 manticores (D:12)
  A moth of wrath (D:8)
  A cyclops (Orc:1)
  Maurice (D:12)
  18 elephants
  A guardian serpent (D:11)
  5 black mambas
  17 cane toads
  A gargoyle (D:12)
  Maggie (Lair:2)
  An orange demon (D:11)
  9 komodo dragons
  3 rime drakes
  A red devil (D:11)
  7 trolls
  A polar bear (Lair:5)
  2 tyrant leeches (Lair:4)
  Grinder (D:6)
  Prince Ribbit (Bailey)
  10 blink frogs
  4 dream sheep (Lair:5)
  3 jumping spiders (Lair:3)
  2 slime creatures (Lair:4)
  4 wraiths
  A shadow (D:11)
  Sigmund (D:5)
  3 wyverns
  Grum (Lair:1)
  2 humans (Bailey)
  21 yaks
  5 basilisks
  4 steam dragons
  2 neqoxecs (D:11)
  A redback (Lair:3)
  5 vampire mosquitoes (Lair:5)
  3 wargs
  A two-headed ogre zombie (D:11)
  Edmund (D:5)
  An acid dragon (D:11)
  16 water moccasins
  10 orc warriors
  An ice beast (D:7)
  3 sky beasts
  14 ogres
  14 wolves
  2 phantoms (D:11)
  A lemure (D:7)
  A centaur (D:7)
  A kobold brigand (D:9)
  23 bullfrogs
  5 scorpions
  5 gnoll sergeants
  3 troll zombies (D:11)
  6 killer bees (D:8)
  2 electric eels (Lair:5)
  2 howler monkeys (D:9)
  A quasit (D:11)
  9 orc priests
  A hound (D:5)
  6 jellies
  2 sleepcaps
  Terence (D:3)
  2 iguanas
  3 hell rats
  6 orc wizards
  4 ogre zombies (D:11)
  40 gnolls
  4 adders
  2 shadow imps
  A white imp (D:5)
  A worm (D:5)
  2 dart slugs
  46 orcs
  7 ball pythons
  7 endoplasms
  4 giant cockroaches
  33 goblins
  32 hobgoblins
  9 jackals
  3 quokkas
  4 bats
  3 frilled lizards
  3 goblin skeletons (D:11)
  2 goblin zombies (D:11)
  2 hobgoblin skeletons (D:11)
  3 hobgoblin zombies (D:11)
  17 kobolds
  An orc skeleton (D:11)
  14 orc zombies (D:11)
  7 rats
588 creatures vanquished.

Vanquished Creatures (others)
  An ogre (Orc:2)
1 creature vanquished.

Grand Total: 589 creatures vanquished

Notes
Turn   | Place    | Note
-------+----------+-------------------------------------------
     0 | D:1      | Babbit the Minotaur Fighter began the quest for the Orb.
     0 | D:1      | Reached XP level 1. HP: 19/19 MP: 0/0
    77 | D:1      | Reached XP level 2. HP: 17/27 MP: 1/1
   346 | D:1      | Reached skill level 3 in Axes
   632 | D:2      | Reached XP level 3. HP: 21/33 MP: 2/2
   946 | D:2      | Got Zillir's Folio of the Retinue
  1406 | D:3      | Found Miqidd's Jewellery Shoppe.
  1537 | D:3      | Reached skill level 1 in Dodging
  1537 | D:3      | Reached XP level 4. HP: 17/40 MP: 3/3
  1542 | D:3      | Reached skill level 4 in Axes
  1971 | D:3      | Noticed Terence
  1978 | D:3      | Killed Terence
  1979 | D:3      | Reached XP level 5. HP: 46/47 MP: 4/4
  2058 | D:3      | Found Raywny's Antique Weapon Shop.
  2527 | D:4      | Reached skill level 5 in Axes
  2683 | D:4      | Reached XP level 6. HP: 50/55 MP: 5/5
  2933 | D:4      | Reached skill level 5 in Fighting
  2946 | D:4      | Reached skill level 5 in Armour
  2979 | D:4      | Reached skill level 6 in Axes
  3291 | D:4      | Reached XP level 7. HP: 60/61 MP: 6/6
  3542 | D:4      | Found a sparkling altar of Nemelex Xobeh.
  3627 | D:4      | Found a staircase to the Ecumenical Temple.
  3633 | Temple   | Entered the Ecumenical Temple
  3755 | Temple   | Became a worshipper of Warmaster Okawaru
  4052 | D:5      | Entered Level 5 of the Dungeon
  4094 | D:5      | Reached skill level 7 in Axes
  4284 | D:5      | Noticed Sigmund
  4310 | D:5      | Killed Sigmund
  4359 | D:5      | Reached skill level 8 in Axes
  4452 | D:5      | Found a white marble altar of Elyvilon.
  4592 | D:5      | Noticed Edmund
  4598 | D:5      | Killed Edmund
  4598 | D:5      | Reached * piety under Okawaru
  4599 | D:5      | Reached XP level 8. HP: 50/69 MP: 7/7
  4980 | D:6      | Noticed Grinder
  4990 | D:6      | Killed Grinder
  4991 | D:6      | Reached skill level 9 in Axes
  5141 | D:6      | Found a burning altar of Makhleb.
  5146 | D:6      | Found a snail-covered altar of Cheibriados.
  5146 | D:6      | Found a basalt altar of Yredelemnul.
  5148 | D:6      | Found a hazy altar of Hepliaklqana.
  5305 | D:6      | Found a shimmering blue altar of Sif Muna.
  5306 | D:6      | Found a broken altar of Ashenzari.
  5338 | D:6      | Found a bloodstained altar of Trog.
  5626 | D:6      | Reached skill level 5 in Shields
  5806 | D:7      | Noticed Pikel
  5821 | D:7      | Killed Pikel
  5821 | D:7      | Reached ** piety under Okawaru
  5822 | D:7      | Reached skill level 10 in Axes
  5822 | D:7      | Reached XP level 9. HP: 70/75 MP: 5/8
  6097 | D:7      | Reached skill level 11 in Axes
  6171 | D:7      | Reached *** piety under Okawaru
  6728 | D:8      | Found a bloodstained altar of Trog.
  6728 | D:8      | Noticed spardeous's ghost (novice DgCj)
  6728 | D:8      | Noticed a moth of wrath
  6759 | D:8      | Found a transporter.
  6762 | D:8      | Found a transporter.
  6839 | D:8      | Reached skill level 1 in Throwing
  6839 | D:8      | Reached skill level 1 in Stealth
  6858 | D:8      | Noticed a death yak
  6861 | D:8      | Noticed a death yak
  6928 | D:7      | Killed a death yak
  6929 | D:7      | Reached skill level 12 in Axes
  6929 | D:7      | Reached XP level 10. HP: 86/86 MP: 5/9
  6965 | D:8      | Noticed a death yak
  6976 | D:7      | Killed a death yak
  6976 | D:7      | Received a gift from Okawaru
  7102 | D:8      | Killed a death yak
  7103 | D:8      | Reached skill level 1 in Invocations
  7160 | D:8      | Found a staircase to the Lair.
  7516 | D:8      | Found a shimmering altar of Xom.
  8007 | D:8      | Killed a moth of wrath
  8008 | D:8      | Reached skill level 13 in Axes
  8069 | D:8      | Killed spardeous's ghost
  8069 | D:8      | Reached **** piety under Okawaru
  8070 | D:8      | Reached skill level 10 in Armour
  8144 | D:9      | Found a flagged portal.
  8156 | Bailey   | Entered a bailey
  8190 | Bailey   | Received a gift from Okawaru
  8235 | Bailey   | Noticed a vault guard
  8235 | Bailey   | Noticed Prince Ribbit
  8252 | Bailey   | Killed Prince Ribbit
  8253 | Bailey   | Reached XP level 11. HP: 80/94 MP: 9/11
  8255 | Bailey   | Killed a vault guard
  8255 | Bailey   | Received a gift from Okawaru
  8301 | Bailey   | Noticed a vault guard
  8323 | Bailey   | Killed a vault guard
  8801 | D:9      | Reached skill level 14 in Axes
  8918 | D:9      | Noticed a two-headed ogre
  8938 | D:9      | Killed a two-headed ogre
  9162 | D:10     | Entered Level 10 of the Dungeon
  9386 | D:10     | Noticed Urug
  9395 | D:10     | Killed Urug
  9621 | D:10     | Identified the +2 flail "Uzehiwne" {holy, rPois Will-
                  | Int+2}
 10009 | D:11     | Found a staircase to the Orcish Mines.
 10009 | D:11     | Noticed Erolcha
 10027 | D:11     | Killed Erolcha
 10343 | D:11     | Gained mutation: You occasionally lose the ability to read
                  | scrolls when taking damage. [a neqoxec]
 10426 | D:11     | Gained mutation: Your magical capacity is low. (-10% MP) [a
                  | neqoxec]
 10430 | D:11     | Reached skill level 15 in Axes
 10619 | D:11     | Noticed a two-headed ogre
 10627 | D:11     | Reached skill level 10 in Fighting
 10628 | D:11     | Killed a two-headed ogre
 10644 | D:11     | Identified the +6 long sword of the Enchanting Enemy
                  | {flame, rCorr Dex+3}
 10722 | D:11     | Noticed a sun demon
 10733 | D:11     | Killed a sun demon
 10734 | D:11     | Reached XP level 12. HP: 33/106 MP: 10/12
 11050 | Lair:1   | Entered Level 1 of the Lair of Beasts
 11080 | Lair:1   | You fall into a shaft and drop 1 floor!
 11120 | Lair:2   | Noticed Maggie
 11132 | Lair:2   | Killed Maggie
 11224 | Lair:2   | Found the +6 lightning scales {swift, rElec}
 11582 | Lair:2   | Found a runed translucent door.
 11584 | Lair:2   | Noticed spardeous's ghost (journeyman MiBe)
 11584 | Lair:2   | Noticed an eight-headed hydra
 11617 | Lair:2   | Killed spardeous's ghost
 11624 | Lair:2   | Killed a three-headed hydra
 12206 | Lair:3   | Reached skill level 16 in Axes
 12240 | Lair:3   | Received a gift from Okawaru
 12281 | Lair:3   | Found a hole to the Spider Nest.
 12648 | Lair:3   | Found a radiant altar of Vehumet.
 12718 | Lair:3   | Noticed a seven-headed hydra
 12719 | Lair:3   | Found a staircase to the Swamp.
 12724 | Lair:3   | Killed a five-headed hydra
 12725 | Lair:3   | Reached skill level 5 in Throwing
 13395 | Lair:4   | Found a staircase to the Slime Pits.
 13399 | Lair:4   | Reached ***** piety under Okawaru
 13608 | Lair:4   | Noticed a five-headed hydra
 13613 | Lair:4   | Killed a two-headed hydra
 13673 | Lair:4   | Noticed a four-headed hydra
 13684 | Lair:4   | Killed a one-headed hydra
 13685 | Lair:4   | Reached XP level 13. HP: 99/116 MP: 13/13
 14220 | Lair:4   | Identified the +4 ring mail of the Planets {-Cast rElec
                  | rF+} (Okawaru gifted it to you on level 4 of the Lair of
                  | Beasts)
 14220 | Lair:4   | Received a gift from Okawaru
 14780 | Lair:5   | Entered Level 5 of the Lair of Beasts
 15783 | Lair:5   | Reached skill level 17 in Axes
 15811 | Lair:5   | Reached skill level 10 in Shields
 16071 | Lair:5   | Reached XP level 14. HP: 126/129 MP: 12/14
 16523 | Lair:5   | Identified the +4 chain mail "Cogoikoo" {Rampage *Slow
                  | Regen+ Dex+5} (Okawaru gifted it to you on level 5 of the
                  | Lair of Beasts)
 16523 | Lair:5   | Received a gift from Okawaru
 17079 | Lair:5   | Identified the ring "Vyenwif" {rPois Str+6 Int+6 Stlth-}
 17334 | Lair:1   | Noticed Grum
 17344 | Lair:1   | Killed Grum
 18367 | D:12     | Noticed Maurice
 18370 | D:12     | Reached skill level 15 in Armour
 18372 | D:12     | Killed Maurice
 18382 | D:12     | Reached skill level 1 in Evocations
 18910 | D:12     | Noticed Frances
 18920 | D:12     | Killed Frances
 18999 | D:12     | Noticed Jorgrun
 19008 | D:12     | Killed Jorgrun
 19330 | Orc:1    | Entered Level 1 of the Orcish Mines
 19413 | Orc:1    | Paralysed by an orc sorcerer for 3 turns
 19556 | Orc:1    | Noticed Sonja
 19564 | Orc:1    | Killed Sonja
 19782 | Orc:1    | Noticed Josephine
 19794 | Orc:1    | Killed Josephine
 19794 | Orc:1    | Received a gift from Okawaru
 19871 | Orc:1    | Found Queg's Distillery.
 20030 | Orc:2    | Entered Level 2 of the Orcish Mines
 20433 | Orc:1    | Received a gift from Okawaru
 20500 | Orc:1    | Reached skill level 5 in Invocations
 20584 | Orc:1    | HP: 1/132 [deep troll (7)]
 20584 | Orc:1    | Slain by a two-headed ogre

Illustrated notes

Levels and vault maps discovered:
D:1:      psy_arrival_statuary, layout_loops_ring, minmay_tripent
D:2:      layout_loops_ring
D:3:      layout_basic, serial_rivers, chequers_serial_rivers_small_b,
          chequers_serial_rivers_small_b, chequers_serial_rivers_micro_e,
          chequers_serial_rivers_micro_a, chequers_serial_rivers_micro_c,
          serial_shops, shop, shop, uniq_terence
D:4:      minmay_goblin_kobold_castle, layout_loops_ring,
          mainiacjoe_overflow_paths, minmay_temple_entry_enclosed_plants,
          kennysheep_doodads
D:5:      layout_basic, lemuel_coloured_pillars_altar,
          chequers_serial_rivers_micro_e, uniq_edmund, uniq_sigmund
D:6:      layout_cave_pods, trog_book, grunt_temple_overflow_open,
          nicolae_overflow_squiral, uniq_grinder
D:7:      layout_loops_ring, minmay_misc_feat_ornament, uniq_pikel
D:8:      layout_loops_corners, nicolae_overflow_crystal_walls,
          dpeg_lair_monsters, gammafunk_ghost_wrathful_warriors, moated_statue
D:9:      layout_rooms, enter_bailey_2
D:10:     layout_small_grid, uniq_urug
D:11:     layout_roguey, zombieorc2_lemuel, serial_demonic, serial_demonic_e,
          serial_demonic_g, serial_demonic_g, serial_demonic_f,
          nrook_guardian_serpent_double, uniq_erolcha
D:12:     layout_basic, uniq_jorgrun, uniq_frances, uniq_maurice
Temple:   nicolae_temple_slightly_damp_pantheon
Lair:1:   layout_loops_ring, minmay_holes, uniq_grum
Lair:2:   layout_loops_ring, ebering_ghost_inner_flame, lemuel_old_faithful,
          uniq_maggie
Lair:3:   layout_gridlike, minmay_swamp_entry_reptiles,
          nicolae_spider_entry_lesser_pyramids, basic_altar
Lair:4:   layout_long_grid, minmay_slime_entry_pillars, minmay_shattered_shrine,
          lemuel_fruit_tree, infiniplex_staircase_pool_2
Lair:5:   minmay_lair_end_frog_pond, layout_cave_pods, serial_bayou_lake_a
Orc:1:    layout_caves, serial_shops, nicolae_shop_industrial_runoff,
          basic_altar, mines1_david, uniq_sonja, uniq_josephine
Orc:2:    st_orc_open, layout_caves, serial_shops, nicolae_lakefront_shop

Skill      XL: |  1  2  3  4  5  6  7  8  9 10 11 12 13 14 |
---------------+-------------------------------------------+-----
Axes           | 3 4 5 6 8 10 12 13 15 16 17 | 17.9
Shields        | 4 5 6 7 9 10 11 | 11.3
Armour         | 4 5 6 7 8 10 11 12 14 15 | 15.9
Fighting       | 4 5 6 7 8 10 11 13 14 | 14.1
Dodging        | 1 2 3 4 |  4.8
Throwing       | 1 3 5 7 |  7.1
Stealth        | 1 2 |  2.6
Invocations    | 2 3 4 5 |  5.0
Evocations     | 2 |  2.1

Action                     |  1- 3 |  4- 6 |  7- 9 | 10-12 | 13-15 || total
---------------------------+-------+-------+-------+-------+-------++-------
  Melee: War axe           |    83 |   163 |    41 |   302 |   495 ||  1084
         Headbutt          |    11 |    20 |    42 |   145 |   119 ||   337
         Hand axe          |       |       |   151 |   334 |       ||   485
  Throw: Boomerang         |       |     4 |    12 |    21 |     2 ||    39
         Javelin           |       |       |       |    25 |    57 ||    82
 Invoke: Heroism           |       |       |     3 |    33 |    14 ||    50
         Finesse           |       |       |       |     1 |     2 ||     3
  Evoke: Wand              |       |       |       |       |    15 ||    15
    Use: Potion            |       |     1 |       |     3 |     4 ||     8
         Scroll            |       |     2 |     5 |    22 |     8 ||    37
   Stab: Petrified         |       |       |       |       |     5 ||     5
 Armour: Scale mail        |    41 |    62 |    33 |       |       ||   136
         Plate armour      |       |       |    26 |   283 |   140 ||   449
         Crystal plate arm |       |       |       |       |   147 ||   147
  Dodge: Dodged            |    45 |   103 |    89 |   212 |   222 ||   671
  Block: Buckler           |    26 |    34 |    30 |   117 |   187 ||   394
